[ AOE2 MATCH · #506801959 ]
UnrankedChinese vs Muisca
Player's team · WIN
Rival team · LOSS
[ REPLAY ANALYSIS · EXTRACTED FROM THE RECORDED GAME ]
Feudal
10:19
Castle
25:23
Imperial
46:17
| APM avg | 55.8 |
| APM peak | 97 |
| eAPM avg | 27.0 |
| Villagers / military | 203 / 187 |
Focus
⚔️ 37.8% · 🌾 62.2%
Knight ×87 · Archer ×46 · Chu Ko Nu ×33 · Battering Ram ×8 · Skirmisher ×7 · Trebuchet (Packed) ×6
Feudal
9:37
Castle
25:05
Imperial
36:24
| APM avg | 40.8 |
| APM peak | 113 |
| eAPM avg | 18.5 |
| Villagers / military | 112 / 57 |
Focus
⚔️ 33.7% · 🌾 66.3%
Skirmisher ×27 · Archer ×22 · Unknown (2586) ×20 · Unknown (2550) ×15 · Monk ×5 · Battering Ram ×2
Match map
Initial resources + every placement click. Lines = walls · curves = elevation contours. ◆ gold · ⬟ stone · ● berries · ✦ relic · ◌ wall gap
Your base· Open — unwalled flank
Acheron's base· ✓ Closed at 25:05 · 61t walls · 1 gate(s)
Smoothed initial terrain · ◌ = detected wall gap · hover for details
Inputs per minute
— KRaL - - Acheron
Build order — KRaL
First 150 of 496 actions detected
| 0:03 | Research | Loom |
| 0:11 | Build | House |
| 0:58 | Queue | Villager (Male) |
| 0:59 | Queue | Villager (Male) |
| 1:23 | Queue | Villager (Male) |
| 1:54 | Build | Lumber Camp |
| 1:59 | Queue | Villager (Male) |
| 2:12 | Queue | Villager (Male) |
| 2:39 | Queue | Villager (Male) |
| 2:39 | Queue | Villager (Male) |
| 3:04 | Queue | Villager (Male) |
| 3:41 | Queue | Villager (Male) |
| 3:41 | Queue | Villager (Male) |
| 3:50 | Queue | Villager (Male) |
| 4:07 | Queue | Villager (Male) |
| 4:07 | Queue | Villager (Male) |
| 4:21 | Build | Mill |
| 4:29 | Queue | Villager (Male) |
| 4:29 | Queue | Villager (Male) |
| 4:53 | Queue | Villager (Male) |
| 4:53 | Queue | Villager (Male) |
| 5:01 | Build | House |
| 5:11 | Build | House |
| 5:20 | Queue | Villager (Male) |
| 5:57 | Queue | Villager (Male) |
| 6:04 | Build | House |
| 6:24 | Queue | Villager (Male) |
| 6:36 | Build | Palisade Gate |
| 6:56 | Queue | Villager (Male) |
| 7:06 | Build | Mining Camp |
| 7:44 | Queue | Villager (Male) |
| 8:02 | Research | Feudal Age |
| 8:27 | Build | Mining Camp |
| 8:28 | Build | House |
| 9:05 | Queue | Villager (Male) |
| 9:06 | Queue | Villager (Male) |
| 9:34 | Queue | Villager (Male) |
| 9:53 | Build | House |
| 10:19 | Age | Feudal Age |
| 10:23 | Build | Watch Tower |
| 10:33 | Build | Blacksmith |
| 10:39 | Research | Double-Bit Axe |
| 10:42 | Queue | Villager (Male) |
| 11:01 | Queue | Villager (Male) |
| 11:10 | Build | Watch Tower |
| 11:21 | Queue | Villager (Male) |
| 11:40 | Queue | Villager (Male) |
| 12:10 | Research | Fletching |
| 12:11 | Queue | Villager (Male) |
| 12:44 | Build | Watch Tower |
| 12:47 | Queue | Villager (Male) |
| 13:02 | Build | Barracks |
| 13:04 | Queue | Villager (Male) |
| 13:04 | Queue | Villager (Male) |
| 13:21 | Build | Mill |
| 13:57 | Build | Farm |
| 13:59 | Build | Farm |
| 14:10 | Build | Farm |
| 14:21 | Build | Archery Range |
| 14:32 | Build | House |
| 14:32 | Queue | Villager (Male) |
| 14:34 | Build | Palisade Wall |
| 14:35 | Build | Palisade Wall |
| 14:40 | Build | House |
| 14:43 | Build | Farm |
| 14:50 | Build | Palisade Wall |
| 14:53 | Build | Palisade Wall |
| 14:54 | Queue | Villager (Male) |
| 14:54 | Queue | Villager (Male) |
| 15:01 | Build | Palisade Wall |
| 15:09 | Build | Watch Tower |
| 15:10 | Queue | Villager (Male) |
| 15:10 | Queue | Villager (Male) |
| 15:23 | Queue | Archer ×2 |
| 15:29 | Queue | Villager (Male) |
| 15:29 | Queue | Villager (Male) |
| 15:42 | Build | House |
| 15:44 | Build | House |
| 15:45 | Queue | Villager (Male) |
| 15:45 | Queue | Villager (Male) |
| 15:49 | Build | House |
| 15:53 | Build | Palisade Wall |
| 15:56 | Build | Palisade Wall |
| 15:59 | Build | Palisade Wall |
| 16:15 | Queue | Archer ×3 |
| 16:15 | Queue | Archer ×3 |
| 16:25 | Queue | Villager (Male) |
| 16:25 | Queue | Villager (Male) |
| 16:31 | Build | Farm |
| 16:47 | Queue | Villager (Male) |
| 16:49 | Build | Farm |
| 16:52 | Build | Farm |
| 17:02 | Queue | Villager (Male) |
| 17:02 | Queue | Villager (Male) |
| 17:13 | Queue | Villager (Male) |
| 17:16 | Queue | Archer ×3 |
| 17:22 | Build | Farm |
| 17:38 | Build | House |
| 17:39 | Queue | Villager (Male) |
| 17:39 | Queue | Villager (Male) |
| 17:44 | Queue | Villager (Male) |
| 17:44 | Queue | Villager (Male) |
| 17:50 | Build | Farm |
| 17:52 | Build | Farm |
| 17:59 | Build | House |
| 18:01 | Queue | Villager (Male) |
| 18:10 | Build | Farm |
| 18:16 | Queue | Villager (Male) |
| 18:16 | Queue | Villager (Male) |
| 18:53 | Queue | Villager (Male) |
| 18:53 | Queue | Villager (Male) |
| 18:54 | Queue | Villager (Male) |
| 18:59 | Build | Farm |
| 19:00 | Build | Farm |
| 19:07 | Queue | Villager (Male) |
| 19:18 | Queue | Villager (Male) |
| 19:19 | Build | Farm |
| 19:27 | Build | Farm |
| 19:46 | Build | Watch Tower |
| 19:48 | Queue | Villager (Male) |
| 19:49 | Queue | Villager (Male) |
| 19:57 | Build | Farm |
| 20:13 | Queue | Villager (Male) |
| 20:17 | Build | Farm |
| 20:46 | Build | House |
| 20:54 | Build | House |
| 21:02 | Build | Farm |
| 21:11 | Research | Padded Archer Armor |
| 21:13 | Queue | Skirmisher ×4 |
| 21:43 | Build | Watch Tower |
| 21:47 | Build | House |
| 21:57 | Build | Watch Tower |
| 22:00 | Queue | Villager (Male) |
| 22:12 | Build | Lumber Camp |
| 22:30 | Build | House |
| 22:43 | Research | Castle Age |
| 22:51 | Queue | Skirmisher |
| 23:07 | Research | Horse Collar |
| 23:16 | Build | House |
| 23:19 | Queue | Skirmisher ×2 |
| 24:08 | Build | House |
| 24:25 | Research | Gold Mining |
| 24:25 | Research | Stone Mining |
| 24:30 | Build | Farm |
| 25:23 | Age | Castle Age |
| 25:32 | Build | Archery Range |
| 25:55 | Build | Castle |
| 26:00 | Build | Lumber Camp |
| 26:03 | Research | Bow Saw |
| 26:05 | Research | Bodkin Arrow |
Build order — Acheron
First 150 of 336 actions detected
| 0:00 | Queue | Villager (Male) |
| 0:01 | Queue | Villager (Male) |
| 0:02 | Build | House |
| 0:04 | Build | House |
| 0:05 | Queue | Villager (Male) |
| 0:06 | Queue | Villager (Male) |
| 1:36 | Queue | Villager (Male) |
| 1:51 | Build | Settlement |
| 1:59 | Queue | Villager (Male) |
| 2:29 | Queue | Villager (Male) |
| 2:55 | Queue | Villager (Male) |
| 3:11 | Queue | Villager (Male) |
| 3:47 | Queue | Villager (Male) |
| 4:05 | Queue | Villager (Male) |
| 4:27 | Queue | Villager (Male) |
| 4:44 | Build | Settlement |
| 5:02 | Queue | Villager (Male) |
| 5:30 | Queue | Villager (Male) |
| 5:52 | Queue | Villager (Male) |
| 6:19 | Research | Loom |
| 6:46 | Queue | Villager (Male) |
| 7:02 | Build | Barracks |
| 7:27 | Research | Feudal Age |
| 7:27 | Research | Feudal Age |
| 8:10 | Build | Palisade Wall |
| 8:12 | Queue | Unit 2550 |
| 8:14 | Queue | Unit 2550 |
| 9:05 | Queue | Unit 2550 |
| 9:26 | Queue | Villager (Male) |
| 9:37 | Age | Feudal Age |
| 9:40 | Build | Archery Range |
| 9:52 | Build | House |
| 9:59 | Queue | Villager (Male) |
| 10:09 | Research | Tech 1402 |
| 10:11 | Research | Double-Bit Axe |
| 10:28 | Queue | Archer |
| 10:44 | Build | Settlement |
| 10:51 | Queue | Villager (Male) |
| 10:59 | Build | House |
| 11:11 | Queue | Archer |
| 11:34 | Build | House |
| 11:39 | Build | House |
| 11:42 | Build | House |
| 11:48 | Build | House |
| 12:35 | Build | Palisade Wall |
| 12:46 | Queue | Archer |
| 12:46 | Queue | Archer |
| 12:52 | Build | Farm |
| 12:52 | Build | Farm |
| 12:53 | Build | Farm |
| 12:53 | Build | Farm |
| 12:55 | Queue | Villager (Male) |
| 12:55 | Queue | Villager (Male) |
| 13:27 | Queue | Archer |
| 13:33 | Queue | Villager (Male) |
| 13:45 | Queue | Villager (Male) |
| 13:47 | Queue | Archer |
| 13:54 | Build | Settlement |
| 14:17 | Queue | Villager (Male) |
| 14:45 | Queue | Villager (Male) |
| 15:03 | Build | Blacksmith |
| 15:23 | Queue | Villager (Male) |
| 15:50 | Queue | Villager (Male) |
| 15:57 | Research | Fletching |
| 16:14 | Queue | Villager (Male) |
| 16:17 | Queue | Archer |
| 16:40 | Build | Market |
| 16:50 | Queue | Villager (Male) |
| 16:51 | Queue | Villager (Male) |
| 16:57 | Build | Farm |
| 17:00 | Build | Farm |
| 17:02 | Build | Farm |
| 17:03 | Build | Farm |
| 17:18 | Research | Scale Mail Armor |
| 17:20 | Queue | Villager (Male) |
| 17:47 | Queue | Villager (Male) |
| 17:50 | Build | Farm |
| 17:54 | Build | Farm |
| 18:03 | Build | House |
| 18:04 | Queue | Villager (Male) |
| 18:20 | Build | Farm |
| 18:35 | Build | House |
| 19:04 | Queue | Villager (Male) |
| 19:04 | Queue | Villager (Male) |
| 19:29 | Build | Settlement |
| 19:48 | Queue | Villager (Male) |
| 19:51 | Build | Farm |
| 19:53 | Build | Farm |
| 19:55 | Build | Farm |
| 20:00 | Queue | Skirmisher |
| 20:45 | Queue | Villager (Male) |
| 20:45 | Queue | Villager (Male) |
| 20:57 | Queue | Archer |
| 20:59 | Queue | Villager (Male) |
| 20:59 | Queue | Villager (Male) |
| 21:28 | Build | Farm |
| 21:31 | Build | Farm |
| 21:32 | Build | Farm |
| 21:41 | Queue | Archer |
| 21:50 | Build | Farm |
| 22:11 | Research | Castle Age |
| 22:11 | Research | Castle Age |
| 22:26 | Build | Farm |
| 22:37 | Build | Palisade Wall |
| 22:42 | Queue | Archer |
| 22:42 | Queue | Archer |
| 22:53 | Research | Horse Collar |
| 23:09 | Research | Padded Archer Armor |
| 23:55 | Build | Palisade Wall |
| 24:02 | Build | Palisade Gate |
| 24:10 | Queue | Archer |
| 24:31 | Queue | Unit 2550 |
| 24:34 | Research | Forging |
| 24:44 | Queue | Archer |
| 25:05 | Age | Castle Age |
| 25:09 | Research | Bodkin Arrow |
| 25:11 | Research | Crossbowman (upgrade) |
| 25:16 | Research | Tech 1351 |
| 25:34 | Queue | Villager (Male) |
| 25:34 | Queue | Villager (Male) |
| 25:46 | Build | Castle |
| 25:56 | Queue | Villager (Male) |
| 26:00 | Build | University |
| 26:12 | Queue | Unit 2550 |
| 26:12 | Queue | Unit 2550 |
| 26:27 | Queue | Villager (Male) |
| 26:48 | Queue | Villager (Male) |
| 27:02 | Research | Chain Mail Armor |
| 27:09 | Queue | Archer |
| 27:09 | Queue | Archer |
| 27:12 | Research | Ballistics |
| 27:12 | Research | Ballistics |
| 27:35 | Build | Castle |
| 27:45 | Queue | Archer |
| 27:46 | Queue | Unit 2550 |
| 27:46 | Queue | Unit 2550 |
| 27:57 | Queue | Villager (Male) |
| 27:57 | Queue | Villager (Male) |
| 28:13 | Build | House |
| 28:14 | Build | House |
| 28:15 | Build | House |
| 28:20 | Build | House |
| 28:22 | Build | Palisade Wall |
| 28:49 | Queue | Villager (Male) |
| 28:49 | Queue | Villager (Male) |
| 28:54 | Queue | Unit 2550 |
| 28:54 | Queue | Unit 2550 |
| 29:06 | Build | Settlement |
| 29:09 | Build | Monastery |
| 29:26 | Build | Farm |
Match timeline
| 7:02 | Acheron · first_building Barracks |
| 8:10 | Acheron · wall_segment Palisade Wall x13 |
| 9:37 | Acheron · age_up feudal |
| 9:40 | Acheron · first_building Archery Range |
| 10:19 | KRaL · age_up feudal |
| 12:35 | Acheron · wall_segment Palisade Wall x18 |
| 13:02 | KRaL · first_building Barracks |
| 14:21 | KRaL · first_building Archery Range |
| 14:34 | KRaL · wall_segment Palisade Wall x1 |
| 14:35 | KRaL · wall_segment Palisade Wall x1 |
| 14:50 | KRaL · wall_segment Palisade Wall x1 |
| 14:53 | KRaL · wall_segment Palisade Wall x5 |
| 15:01 | KRaL · wall_segment Palisade Wall x1 |
| 15:53 | KRaL · wall_segment Palisade Wall x1 |
| 15:56 | KRaL · wall_segment Palisade Wall x1 |
| 15:59 | KRaL · wall_segment Palisade Wall x1 |
| 22:09 | Acheron · first_market_sell 100 stone |
| 22:37 | Acheron · wall_segment Palisade Wall x13 |
| 23:55 | Acheron · wall_segment Palisade Wall x17 |
| 25:05 | Acheron · age_up castle |
| 25:23 | KRaL · age_up castle |
| 25:46 | Acheron · first_building Castle |
| 25:55 | KRaL · first_building Castle |
| 28:22 | Acheron · wall_segment Palisade Wall x1 |
| 29:09 | Acheron · first_building Monastery |
| 30:25 | Acheron · first_building Siege Workshop |
| 31:39 | KRaL · first_building Siege Workshop |
| 31:53 | KRaL · first_building Stable |
| 36:24 | Acheron · age_up imperial |
| 41:55 | Acheron · first_market_buy 100 stone |
| 46:17 | KRaL · age_up imperial |
| 47:24 | KRaL · first_market_sell 100 food |
| 48:14 | KRaL · first_market_buy 100 stone |
| 52:18 | Acheron · resign |
[ AI ANALYSIS · 1 CREDIT ]
What really happened in this match?
Wolo.gg analyzes every decision: build order, eco, micro, common mistakes by bracket. Personalized analysis on WhatsApp or Discord in 30 seconds.
Civ guide
Chinese
Perfil
Jugador #23477829